 Dungeon Crawl Stone Soup version 0.17-a0-1920-gafa4d75 (webtiles) character file.

138 tp1 the Skirmisher (level 5, -4/33 HPs)
             Began as a Gargoyle Berserker on Sept 26, 2015.
             Was a Priest of Trog.
             Slain by a gnoll
             ... wielding a +0 halberd
              (9 damage)
             ... on level 4 of the Dungeon on Sept 27, 2015.
             The game lasted 00:17:01 (1954 turns).

tp1 the Skirmisher (Gargoyle Berserker)             Turns: 1954, Time: 00:17:01

Health: -4/33      AC:  9    Str: 21    XL:     5   Next: 21%
Magic:  5/5        EV: 11    Int:  8    God:    Trog [***...]
Gold:   116        SH:  0    Dex:  9    Spells: 0 memorised, 4 levels left

rFire  . . .     SeeInvis .     v - +0 war axe
rCold  . . .     Clarity  .     w - +0 ring mail (curse)
rNeg   + . .     SustAt   .     (no shield)
rPois  ∞         Gourm    .     (no helmet)
rElec  +         Spirit   .     (no cloak)
rCorr  .         Warding  .     (no gloves)
rMut   .         Stasis   .     (no boots)
MR     ++...                    (no amulet)
Stlth  +.........               (no ring)
                                (no ring)

@: regenerating, very resistant to hostile enchantments, very unstealthy
A: negative energy resistance 1, electricity resistance, unbreathing,
petrification resistance, rot immunity, AC +4
a: Burn Spellbooks, Berserk, Trog's Hand, Renounce Religion


You were on level 4 of the Dungeon.
You worshipped Trog.
Trog was most pleased with you.
You were hungry.

You visited 1 branch of the dungeon, and saw 4 of its levels.

You collected 116 gold pieces.

Inventory:

Hand weapons
 a - a +0 hand axe
 v - a +0 war axe (weapon)
Armour
 b - a +0 animal skin
 o - a +0 leather armour
 w - a cursed +0 ring mail (worn)
 A - a +0 ring mail
Jewellery
 l - an uncursed ring of flight {unknown}
 q - an uncursed ring of wizardry {unknown}
 s - a +5 ring of dexterity {unknown}
 y - an uncursed ring of magical power {unknown}
 B - a cursed -3 ring of strength {unknown}
Scrolls
 h - 5 scrolls of remove curse {unknown}
 i - 2 scrolls of fog {unknown}
 k - 2 scrolls of enchant weapon {unknown}
 m - 2 scrolls of recharging {unknown}
 p - a scroll of immolation {unknown}
 r - a scroll of enchant armour {unknown}
 t - a scroll of teleportation {unknown}
 E - a scroll of random uselessness {unknown}
Potions
 d - a potion of haste {unknown}
 e - a potion of ambrosia {unknown}
 f - a potion of flight {unknown}
 g - 2 potions of curing {unknown}
 j - a potion of beneficial mutation {unknown}
 u - a potion of poison {unknown}
 z - 2 potions of brilliance {unknown}
 C - a potion of heal wounds {unknown}
Comestibles
 c - 4 bread rations
 n - a meat ration
 x - 4 fruits
 D - 4 chunks of flesh


   Skills:
 + Level 4.0 Fighting
 + Level 4.0 Axes
 + Level 2.3 Armour
 + Level 2.6 Dodging
 + Level 1.0 Stealth


You had 4 spell levels left.
You didn't know any spells.

Dungeon Overview and Level Annotations

Branches:
Dungeon (4/15)
 Temple: D:4-7

Altars:
Kikubaaqudgha


Innate Abilities, Weirdness & Mutations

You are resistant to torment.
Your stone body is resilient (AC +4).
You are immune to poison.
You resist negative energy.
You are resistant to electric shocks.
You can survive without breathing.
You are immune to petrification.
You are immune to rotting.


Message History

You feel resistant to hostile enchantments.
You feel slightly more hungry.
You are feeling hungry.
The gnoll hits you but does no damage. The gnoll hits you with a whip.
* * * LOW HITPOINT WARNING * * *
You closely miss the gnoll.
The gnoll is severely wounded.
The gnoll hits you from afar with a halberd.
* * * LOW HITPOINT WARNING * * *
The gnoll barely misses you.
You hit the gnoll but do no damage.
The gnoll is severely wounded.
The gnoll closely misses you. x3
You hit the gnoll.
You kill the gnoll!
Trog accepts your kill.
Your Axes skill increases to level 4!
The gnoll hits you but does no damage. The gnoll hits you with a halberd!
You die...

..###############
................###
.[######.g@.......#
#..........# ....
#..........# ....
#.)........# [....
#..........# .....
#..........#(.....
#..........#....).
...[......>........
#######.##..#.....


You could see a gnoll.

Vanquished Creatures
  A hound (D:3)
  A gnoll (D:4)
  3 adders
  2 oozes
  A worm (D:4)
  6 giant geckos
  3 orcs (D:3)
  2 ball pythons (D:1)
  2 bats
  A giant cockroach (D:1)
  12 goblins
  2 hobgoblins (D:1)
  5 kobolds
  5 giant newts
  3 jackals (D:4)
  9 rats
58 creatures vanquished.

Vanquished Creatures (others)
  A human (D:3)
  A worm (D:2)
  A giant cockroach (D:2)
3 creatures vanquished.

Grand Total: 61 creatures vanquished

Notes
Turn   | Place    | Note
--------------------------------------------------------------
     0 | D:1      | tp1 the Gargoyle Berserker began the quest for the Orb.
     0 | D:1      | Reached XP level 1. HP: 14/14 MP: 1/1
     0 | D:1      | Upgraded the game from 0.17-a0-1914-gde4187c to 0.17-a0-1920-gafa4d75
    75 | D:1      | Reached XP level 2. HP: 12/19 MP: 2/2
   366 | D:1      | Acquired Trog's second power
   409 | D:1      | Reached XP level 3. HP: 18/23 MP: 3/3
   775 | D:2      | Found a faded altar to an unknown god.
  1236 | D:2      | Reached XP level 4. HP: 29/29 MP: 4/4
  1359 | D:3      | Found an ancient bone altar of Kikubaaqudgha.
  1636 | D:3      | Noticed a human
  1638 | D:3      | Killed a human
  1872 | D:4      | Reached XP level 5. HP: 33/33 MP: 5/5
  1872 | D:4      | Reached skill level 4 in Fighting
  1883 | D:4      | Reached skill level 1 in Stealth
  1950 | D:4      | HP: 1/33 [gnoll/whip (4)]
  1954 | D:4      | Slain by a gnoll

Vault maps used:
D:1:      dpeg_arrival_sounds_slurp, minivault_24, minivault_25
D:2:      first_bread, ecumenical_altar_1, eino_tiny_chamber,
          lemuel_flame_loot_1, uniq_natasha
D:3:      grunt_ministairs_8, tgw_kikubaaqudgha
D:4:      minmay_ogre_servants

Action                   |  1- 3 |  4- 6 || total
-------------------------+-------+-------++-------
Melee: Hand axe          |   107 |    15 ||   122
       War axe           |       |    33 ||    33
Invok: Berserk           |       |     2 ||     2
       Trog's Hand       |       |     1 ||     1
 Stab: Sleeping          |     1 |       ||     1
  Eat: Chunk             |     1 |     4 ||     5
